 Dungeon Crawl Stone Soup version 0.26-a0-854-gdc81c2f471 (webtiles) character file.

Game seed: 4878829690175095986

1580 iamoutofideas the Covert (level 8, -10/67 HPs)
             Began as a Gnoll Delver on Nov 23, 2020.
             Was an Initiate of Gozag.
             Mangled by a two-headed ogre
             ... wielding a +0 giant club
              (17 damage)
             ... on level 7 of the Dungeon.
             The game lasted 00:07:14 (5573 turns).

iamoutofideas the Covert (Gnoll Delver)             Turns: 5573, Time: 00:07:15

Health: -10/67     AC: 13    Str: 17    XL:     8   Next: 91%
Magic:  13/13      EV:  8    Int: 12    God:    Gozag
Gold:   528        SH:  0    Dex: 17    Spells: 14/14 levels left

rFire    . . .     SeeInvis .   a - +1 hand axe
rCold    . . .     Faith    .   (no shield)
rNeg     . . .     Spirit   .   f - +1 plate armour
rPois    .         Reflect  .   (no helmet)
rElec    .         Harm     .   (no cloak)
rCorr    .         Rampage  .   y - +0 pair of gloves
MR       .....                  (no boots)
Stlth    +.........             E - amulet of inaccuracy (curse)
HPRegen  0.21/turn              u - ring of stealth
MPRegen  0.13/turn              (no ring)

@: no status effects
A: distributed training, fangs 1, strong nose
a: Potion Petition, Call Merchant, Bribe Branch, Renounce Religion


You were on level 7 of the Dungeon.
You worshipped Gozag.
Gozag was pleased with you.
You visited 2 branches of the dungeon, and saw 8 of its levels.

You collected 667 gold pieces.
You paid 139 gold pieces to Gozag.

Inventory:

Hand Weapons
 a - a +1 hand axe (weapon)
 j - a +2 falchion of holy wrath
Missiles
 H - 7 atropa-tipped darts (quivered)
Armour
 b - a +0 leather armour
 f - a +1 plate armour (worn)
 m - a +0 ring mail
 y - a +0 pair of gloves (worn)
 L - the +1 robe of the Orb {MR- Int+3 SInv}
   (You found it on level 6 of the Dungeon)

   It affects your intelligence (+3).
   It affects your resistance to hostile enchantments.
   It lets you see invisible.
Jewellery
 p - an uncursed amulet of regeneration
 u - a ring of stealth (left hand)
 E - a cursed amulet of inaccuracy (around neck)
Wands
 g - a wand of digging (3)
 h - a wand of flame (18)
 n - a wand of iceblast (6)
 M - a wand of enslavement (11)
Scrolls
 c - a scroll of fog
 d - 5 scrolls of magic mapping
 e - a scroll of fear
 k - 2 scrolls of enchant weapon
 o - 3 scrolls of silence {unknown}
 q - a scroll of amnesia {unknown}
 r - 2 scrolls of teleportation
 s - a scroll of enchant armour
 G - a scroll of noise {unknown}
 I - a scroll of blinking
 K - 3 scrolls of identify
Potions
 i - a potion of attraction {unknown}
 l - 6 potions of curing
 t - 3 potions of mutation
 v - 2 potions of invisibility {unknown}
 w - a potion of magic {unknown}
 x - a potion of might {unknown}
 z - a potion of heal wounds
 A - a potion of brilliance {unknown}
 B - a potion of flight {unknown}
 C - a potion of cancellation {unknown}
 D - a potion of haste
 F - a potion of berserk rage {unknown}
 J - a potion of degeneration {unknown}
 N - a potion of lignification {unknown}


   Skills:
 + Level 7.6 Fighting
 + Level 3.6 Short Blades
 + Level 3.6 Long Blades
 + Level 5.9 Axes
 + Level 3.6 Maces & Flails
 + Level 3.6 Polearms
 + Level 3.6 Staves
 + Level 3.6 Slings
 + Level 3.6 Bows
 + Level 3.6 Crossbows
 + Level 3.6 Throwing
 + Level 3.6 Armour
 + Level 5.9 Dodging
 + Level 10.2 Stealth
 + Level 3.6 Shields
 + Level 3.6 Unarmed Combat
 + Level 3.6 Spellcasting
 + Level 3.0 Conjurations
 + Level 3.0 Hexes
 + Level 3.0 Summonings
 + Level 3.0 Necromancy
 + Level 3.0 Translocations
 + Level 3.0 Transmutations
 + Level 3.0 Fire Magic
 + Level 3.0 Ice Magic
 + Level 3.0 Air Magic
 + Level 3.0 Earth Magic
 + Level 3.0 Poison Magic
 + Level 4.0 Invocations
 + Level 3.6 Evocations


You had 14 spell levels left.
You didn't know any spells.
Your spell library contained the following spells:

 Spells                   Type           Power        Failure   Level
 Summon Small Mammal      Summ           #...         97%         1
 Call Imp                 Summ           #.......     99%         2
 Call Canine Familiar     Summ           #.......     100%        3
 Summon Guardian Golem    Hex/Summ       #.......     100%        3
 Summon Ice Beast         Ice/Summ       #.......     100%        4
 Summon Lightning Spire   Summ/Air       #.......     100%        4


Dungeon Overview and Level Annotations

Branches:
Dungeon (7/15)             Temple (1/1) D:6

Altars:
Ashenzari
Cheibriados
Dithmenos
Elyvilon
Fedhas
Gozag
Hepliaklqana
Kikubaaqudgha
Makhleb
Nemelex Xobeh
Okawaru
Qazlal
Ru
Sif Muna
Trog
Vehumet
Wu Jian
Xom
Zin
The Shining One

Shops:
D:4 :

Annotations:
D:7 3 runed translucent doors, stormannnn's ghost, novice MiFi


Innate Abilities, Weirdness & Mutations

Your experience applies equally to all skills.
You have very sharp teeth.
Your uncanny sense of smell can sniff out nearby items.


Message History

A two-headed ogre is nearby!
The two-headed ogre barely misses you.
The two-headed ogre hits you with a +0 giant club!
You hit the two-headed ogre. Your bite misses the two-headed ogre.
The two-headed ogre is lightly wounded.
You hit the two-headed ogre. Your bite misses the two-headed ogre.
The two-headed ogre is lightly wounded.
The two-headed ogre hits you but does no damage.
The two-headed ogre hits you with a +0 giant club!
You barely miss the two-headed ogre.
The two-headed ogre is lightly wounded.
The two-headed ogre hits you with a +0 giant club!!
* * * LOW HITPOINT WARNING * * *
The two-headed ogre hits you with a +0 giant club!
* * * LOW HITPOINT WARNING * * *
You closely miss the two-headed ogre.
The two-headed ogre is lightly wounded.
The two-headed ogre hits you with a +0 giant club!
You die...
Your body crumbles into a pile of gold.

## ..# #.# #.##.# #.##.#
.##.##.# .......#####.#
$ #<##.$@O...#
###########.##.#####....
.........##.##.#### .
.#####...##.......#
.###.......###.##.....
.##........# #.# ##..
.##........# #..
.........### ####
.........#


You could see a two-headed ogre.

Vanquished Creatures
  Sigmund (D:4)
  An ice beast (D:6)
  An orc warrior (D:6)
  An ogre (D:5)
  2 centaurs (D:5)
  A bullfrog (D:6)
  5 wights (D:6)
  A bullfrog zombie (D:5)
  A centaur zombie (D:6)
  A jelly (D:6)
  A hound (D:4)
  An orc priest (D:7)
  4 orc wizards
  Ijyb (D:3)
  Terence (D:3)
  A gnoll shaman (D:6)
  2 iguanas (D:6)
  A worker ant (D:6)
  A hound zombie (D:6)
  A hound skeleton (D:6)
  A howler monkey skeleton (D:6)
  7 adders
  3 gnolls (D:2)
  A shadow imp (D:2)
  A white imp (D:5)
  3 ufetubi (D:5)
  An ooze (D:4)
  An adder zombie (D:3)
  An adder skeleton (D:5)
  2 worms
  4 dart slugs
  3 leopard geckos
  17 orcs
  5 giant cockroaches
  4 goblins
  8 hobgoblins
  16 jackals
  2 quokkas (D:2)
  2 ball pythons
  6 bats
  6 frilled lizards
  11 kobolds
  A leopard gecko skeleton (D:4)
  A leopard gecko zombie (D:7)
  A quokka zombie (D:6)
  9 rats
146 creatures vanquished.

Vanquished Creatures (others)
  A leopard gecko (D:3)
  3 fungi (D:7)
  A plant (D:7)
5 creatures vanquished.

Grand Total: 151 creatures vanquished

Notes
Turn   | Place    | Note
-------+----------+-------------------------------------------
     0 | D:5      | Reached skill level 9 in Stealth
     0 | D:5      | iamoutofideas the Gnoll Delver began the quest for the Orb.
     0 | D:5      | Reached XP level 1. HP: 23/23 MP: 1/1
    59 | D:5      | Reached XP level 2. HP: 22/29 MP: 1/3
    59 | D:5      | Reached XP level 3. HP: 27/35 MP: 1/4
   183 | D:5      | Noticed a centaur
   196 | D:5      | Killed a centaur
   197 | D:5      | Reached skill level 1 in Short Blades
   197 | D:5      | Reached skill level 1 in Long Blades
   197 | D:5      | Reached skill level 1 in Maces & Flails
   197 | D:5      | Reached skill level 1 in Polearms
   197 | D:5      | Reached skill level 1 in Staves
   197 | D:5      | Reached skill level 1 in Slings
   197 | D:5      | Reached skill level 1 in Bows
   197 | D:5      | Reached skill level 1 in Crossbows
   197 | D:5      | Reached skill level 1 in Throwing
   197 | D:5      | Reached skill level 1 in Armour
   197 | D:5      | Reached skill level 1 in Shields
   197 | D:5      | Reached skill level 1 in Unarmed Combat
   197 | D:5      | Reached skill level 1 in Spellcasting
   197 | D:5      | Reached skill level 1 in Conjurations
   197 | D:5      | Reached skill level 1 in Hexes
   197 | D:5      | Reached skill level 1 in Summonings
   197 | D:5      | Reached skill level 1 in Necromancy
   197 | D:5      | Reached skill level 1 in Translocations
   197 | D:5      | Reached skill level 1 in Transmutations
   197 | D:5      | Reached skill level 1 in Fire Magic
   197 | D:5      | Reached skill level 1 in Ice Magic
   197 | D:5      | Reached skill level 1 in Air Magic
   197 | D:5      | Reached skill level 1 in Earth Magic
   197 | D:5      | Reached skill level 1 in Poison Magic
   197 | D:5      | Reached skill level 1 in Invocations
   197 | D:5      | Reached skill level 1 in Evocations
   197 | D:5      | Reached XP level 4. HP: 28/41 MP: 5/5
   320 | D:4      | Found Qelivounto's Book Shop.
   375 | D:4      | Reached XP level 5. HP: 43/47 MP: 6/6
   401 | D:4      | Noticed Sigmund
   419 | D:4      | Killed Sigmund
   420 | D:4      | Reached XP level 6. HP: 22/53 MP: 6/8
   717 | D:4      | Reached skill level 5 in Axes
   717 | D:4      | Reached skill level 5 in Dodging
  1057 | D:5      | Found a sacrificial altar of Ru.
  1608 | D:5      | Reached XP level 7. HP: 37/60 MP: 10/10
  2209 | D:3      | Found a white marble altar of Elyvilon.
  2233 | D:3      | Noticed Ijyb
  2270 | D:3      | Killed Ijyb
  2575 | D:3      | Noticed Terence
  2587 | D:3      | Killed Terence
  2852 | D:2      | Found a faded altar of an unknown god.
  2925 | D:2      | Found a glowing silver altar of Zin.
  3441 | D:1      | Reached skill level 10 in Stealth
  3684 | D:1      | Reached XP level 8. HP: 67/67 MP: 12/12
  3892 | D:6      | Found a staircase to the Ecumenical Temple.
  3909 | Temple   | Entered the Ecumenical Temple
  3917 | Temple   | Became a worshipper of Gozag Ym Sagoz the Greedy
  4127 | D:6      | Found a shimmering blue altar of Sif Muna.
  5237 | D:6      | Found a shimmering altar of Xom.
  5324 | D:6      | Got a fabulously ornate robe
  5335 | D:6      | Identified the +1 robe of the Orb {MR- Int+3 SInv} (You
                  | found it on level 6 of the Dungeon)
  5392 | D:7      | Found a runed translucent gate.
  5394 | D:7      | Found a runed translucent gate.
  5394 | D:7      | Noticed stormannnn's ghost (novice MiFi)
  5394 | D:7      | Noticed a kobold demonologist
  5395 | D:7      | Found a runed translucent gate.
  5567 | D:7      | Noticed a two-headed ogre
  5573 | D:7      | Mangled by a two-headed ogre

Illustrated notes

Levels and vault maps discovered:
D:1:      minmay_arrival_semitransparent, layout_rooms
D:2:      layout_loops_ring, old_standard_altar,
          chequers_ecumenical_altar_simple_redux
D:3:      layout_rooms, old_standard_altar, minmay_misc_feat_nine_boxes,
          uniq_ijyb, uniq_terence
D:4:      minmay_recursive_quarters, layout_rooms, serial_shops, shop,
          uniq_sigmund
D:5:      layout_loops_ring, lemuel_crystal_altar
D:6:      layout_loops_corners, old_standard_altar,
          nicolae_overflow_hidden_temple, minmay_temple_entry_offerings,
          st_stairs_3
D:7:      layout_loops_cross, eat_drink_and_be_merry_uskayaw,
          gammafunk_ghost_nasty_kobolds, minmay_microvault, uniq_duvessa
Temple:   nicolae_temple_no_exploring_needed

Skill      XL: |  1  2  3  4  5  6  7  8 |
---------------+-------------------------+-----
Stealth        | 10 | 10.2
Short Blades   | 1 2 3 |  3.6
Long Blades    | 1 2 3 |  3.6
Maces & Flails | 1 2 3 |  3.6
Polearms       | 1 2 3 |  3.6
Staves         | 1 2 3 |  3.6
Slings         | 1 2 3 |  3.6
Bows           | 1 2 3 |  3.6
Crossbows      | 1 2 3 |  3.6
Throwing       | 1 2 3 |  3.6
Armour         | 1 2 3 |  3.6
Shields        | 1 2 3 |  3.6
Unarmed Combat | 1 2 3 |  3.6
Spellcasting   | 1 2 3 |  3.6
Conjurations   | 1 2 3 |  3.0
Hexes          | 1 2 3 |  3.0
Summonings     | 1 2 3 |  3.0
Necromancy     | 1 2 3 |  3.0
Translocations | 1 2 3 |  3.0
Transmutations | 1 2 3 |  3.0
Fire Magic     | 1 2 3 |  3.0
Ice Magic      | 1 2 3 |  3.0
Air Magic      | 1 2 3 |  3.0
Earth Magic    | 1 2 3 |  3.0
Poison Magic   | 1 2 3 |  3.0
Invocations    | 1 2 3 4 |  4.0
Evocations     | 1 2 3 |  3.6
Axes           | 5 |  5.9
Dodging        | 5 |  5.9
Fighting       | 7 |  7.6

Action                   |  1- 3 |  4- 6 |  7- 9 || total
-------------------------+-------+-------+-------++-------
Melee: Hand axe          |    18 |    81 |   449 ||   548
       Bite              |     2 |     9 |    48 ||    59
       Punch             |       |     4 |     4 ||     8
Evoke: Wand              |       |     1 |    13 ||    14
  Use: Potion            |       |     2 |       ||     2
       Scroll            |       |     4 |     4 ||     8
 Stab: Sleeping          |     2 |     1 |       ||     3
Armor: Leather armour    |     1 |     1 |       ||     2
       Plate armour      |       |    32 |   306 ||   338
       Ring mail         |       |     6 |       ||     6
Dodge: Dodged            |    12 |    43 |   207 ||   262

Table legend: (Time is in decaauts)
 A = Elapsed time spent in this place.
 B = Non-inter-level travel time spent in this place.
 C = Inter-level travel time spent in this place.
 D = Time resting spent in this place.
 E = Time spent auto-exploring this place.
 F = Levels seen in this place.
 G = Mean time per level.
                   A        B        C        D        E       F      G
               +--------+--------+--------+--------+--------+-----+--------+
         Total |   5586 |   5275 |    311 |    951 |   3126 |   8 |  698.2 |
       Dungeon |   5570 |   5266 |    304 |    951 |   3126 |   7 |  795.7 |
        Temple |     15 |      8 |      7 |      0 |      0 |   1 |   15.0 |
               +--------+--------+--------+--------+--------+-----+--------+

Top non-repeatable levels by time:
     D:6: 1482 daAuts
     D:5: 1282 daAuts
     D:4: 878 daAuts
     D:3: 708 daAuts
     D:2: 647 daAuts
     D:1: 372 daAuts
     D:7: 199 daAuts
  Temple: 15 daAuts
